 Dungeon Crawl Stone Soup version 0.23-a0-612-gcb482e9 (console) character file.

25 Duffy the Magician (level 2, 6/19 HPs)
             Began as a Demonspawn Wizard on Dec 21, 2018.
             Quit the game on level 3 of the Dungeon.
             The game lasted 00:00:46 (1200 turns).

Duffy the Magician (Demonspawn Wizard)              Turns: 1200, Time: 00:00:47

Health: 6/19       AC:  2    Str:  7    XL:     2   Next: 82%
Magic:  1/6        EV: 12    Int: 19    God:
Gold:   25         SH:  0    Dex: 11    Spells: 7/8 levels left

rFire    . . .     SeeInvis .   e - +0 whip
rCold    . . .     Gourm    .   (no shield)
rNeg     . . .     Faith    .   a - +0 robe
rPois    .         Spirit   .   b - +0 hat
rElec    .         Reflect  .   (no cloak)
rCorr    .         Harm     .   (no gloves)
MR       .....                  (no boots)
Stlth    ++........             (no amulet)
HPRegen  0.06/turn              (no ring)
MPRegen  0.10/turn              (no ring)

@: seriously poisoned (6 -> 1)
A: sturdy frame 1
a: no special abilities


You were on level 3 of the Dungeon.
You were not hungry.

You visited 1 branch of the dungeon, and saw 3 of its levels.

You collected 25 gold pieces.

Inventory:

Hand Weapons
 e - a +0 whip (weapon)
Armour
 a - a +0 robe (worn)
 b - a +0 hat (worn)
Scrolls
 i - a scroll of identify {unknown}
Potions
 c - a potion of heal wounds {unknown}
 f - a potion of agility {unknown}
 g - a potion of might {unknown}
Comestibles
 d - a ration


   Skills:
 - Level 1.7 Dodging
 - Level 1.7 Stealth
 + Level 3.5 Spellcasting
 + Level 2.1 Conjurations
   Level 1.0 Summonings
   Level 0.8 Translocations


You had 7 spell levels left.
You knew the following spells:

 Your Spells              Type           Power        Failure   Level  Hunger
h - Magic Dart            Conj           ##..         6%          1    None

Your spell library contained the following spells:

 Spells                   Type           Power        Failure   Level  Hunger
 Call Imp                 Summ           #.......     14%         2    ##.....
 Blink                    Tloc           N/A          16%         2    ##.....
 Slow                     Hex            #.......     22%         2    ##.....
 Conjure Flame            Conj/Fire      #.......     28%         3    ###....
 Mephitic Cloud           Conj/Pois/Air  #.......     32%         3    ###....


Dungeon Overview and Level Annotations

Branches:
Dungeon (3/15)

Altars:


Innate Abilities, Weirdness & Mutations

Your movements are slightly less encumbered by armour. (ER -2)


Message History

You don't have enough magic to cast that spell.
Casting: Magic Dart (safe; 6% risk of failure)
Confirm with . or Enter, or press ? or * to list all spells.
You don't have enough magic to cast that spell.
You hit the orc priest.
The orc priest is severely wounded.
The bat barely misses you. The adder bites you.
The orc priest looks encouraged for a moment.
You barely miss the orc priest.
The orc priest is severely wounded.
The bat closely misses you. The bat barely misses you.
The adder bites you but does no damage. The orc priest hits you with a +0 club.
The bat closely misses you.
You closely miss the adder.
The adder bites you but does no damage. x2
You closely miss the adder. The adder bites you.
You are poisoned.
The adder poisons you!
You feel sick. The adder barely misses you.
You feel sick.
Are you sure you want to abandon this character and quit the game? (Confirm

#.......# .# #......<######
.# #............# .#
#.......####.###.#.# .
#.........#........#.# ...
#.........#.##.#####.#.....
#.........#....o.b.o.%.....
#.........####S#####.#.....
#.........# #@# .# ...
#.....###.# #.# .. .
#.....# .# #.# #.. #.# #.#
... .. ### .##


You could see an orc priest and an adder.

Vanquished Creatures
  An adder (D:2)
  A leopard gecko (D:1)
  An orc (D:3)
  2 hobgoblins (D:1)
  4 kobolds
  A ball python (D:3)
  A bat (D:1)
  2 goblins
  A rat (D:1)
14 creatures vanquished.

Notes
Turn   | Place    | Note
-------+----------+-------------------------------------------
     0 | D:1      | Duffy the Demonspawn Wizard began the quest for the Orb.
     0 | D:1      | Reached XP level 1. HP: 13/13 MP: 4/4
   669 | D:1      | Gained mutation: Your movements are slightly less
                  | encumbered by armour. (ER -2) [demonic ancestry]
   669 | D:1      | Reached XP level 2. HP: 19/19 MP: 0/6
  1200 | D:3      | Quit the game

Vault maps used:
D:1:      onia_arrival_mini_maze_b, serial_co_window_serial, co_window_cross_1,
          co_window_of_opportunity_a, co_window_of_opportunity_a,
          co_window_paths_b, co_window_corner_a, co_window_of_opportunity_a,
          co_window_cross_1, co_window_paths_a, co_window_corner_a,
          co_window_cross_3, co_window_paths_c, co_window_corner_ca,
          co_window_corner_ca, co_window_cross_3
D:2:      first_ration, minmay_misc_feat_pillars
D:3:      lemuel_blue_sif_altar

Skill      XL: |  1  2 |
---------------+-------+-----
Conjurations   | 2 |  2.1
Dodging        | |  1.7
Stealth        | |  1.7
Spellcasting   | |  3.5
Summonings     | |  1.0
Translocations | |  0.8

Action                   || total
-------------------------++-------
Melee: Whip              ||     8
 Cast: Magic Dart        ||    40
  Eat: Chunk             ||     1
Armor: Robe              ||     4
Dodge: Dodged            ||     9

Table legend:
 A = Non-vault XP
 B = Vault XP
 C = Vault XP percentage of total XP
 D = Non-vault monster count
 E = Vault monster count
 F = Vault count percentage of total count
                 A         B        C        D         E       F
            +---------+---------+-------+---------+---------+-------
      Total |      36 |       0 |   0.0 |      14 |       0 |   0.0
            +---------+---------+-------+---------+---------+-------
        D:1 |      16 |       0 |   0.0 |       9 |       0 |   0.0
        D:2 |      16 |       0 |   0.0 |       3 |       0 |   0.0
        D:3 |       4 |       0 |   0.0 |       2 |       0 |   0.0
            +---------+---------+-------+---------+---------+-------
